 Dungeon Crawl Stone Soup version 0.17-a0-1504-gb7d9117 (webtiles) character file.

39 Econoterrorist the Poker (level 3, 0/27 HPs)
             Began as a Merfolk Skald on July 8, 2015.
             Succumbed to an adder's poison
             ... on level 2 of the Dungeon.
             The game lasted 00:03:54 (1935 turns).

Econoterrorist the Poker (Merfolk Skald)            Turns: 1935, Time: 00:03:54

Health: 0/27       AC:  3    Str: 17    XL:     3   Next: 45%
Magic:  0/6        EV: 11    Int: 12    God:
Gold:   49         SH:  0    Dex: 13    Spells: 2 memorised, 3 levels left

rFire  . . .     SeeInvis .     a - +0 spear
rCold  . . .     Clarity  .     b - +0 leather armour
rNeg   . . .     SustAt   .     (no shield)
rPois  .         Gourm    .     (no helmet)
rElec  .         Spirit   .     (no cloak)
rCorr  .         Warding  .     (no gloves)
rMut   +         Stasis   .     (no boots)
MR     .....                    i - amulet of resist mutation
Stlth  +.........               (no ring)
                                (no ring)

@: mighty, lethally poisoned (0 -> -5), flying, not resistant to hostile
enchantments, very unstealthy
A: change form in water, swift swim
a: no special abilities


You were on level 2 of the Dungeon.
You were not hungry.

You visited 1 branch of the dungeon, and saw 2 of its levels.

You collected 49 gold pieces.

Inventory:

Hand weapons
 a - a +0 spear (weapon)
Armour
 b - a +0 leather armour (worn)
Jewellery
 g - an uncursed amulet of guardian spirit
 i - an amulet of resist mutation (around neck)
Scrolls
 e - a scroll of teleportation
Potions
 f - a potion of flight
Books
 c - a book of Battle

   Spells                             Type                      Level
   a - Infusion                       Charms                       1
   b - Shroud of Golubria             Charms/Translocation         2
   c - Song of Slaying                Charms                       2
   d - Spectral Weapon                Hexes/Charms                 3
   e - Regeneration                   Charms/Necromancy            3
Comestibles
 d - 2 bread rations
 j - a beef jerky


   Skills:
 - Level 2.1 Fighting
 + Level 5.5 Polearms
 - Level 0.6 Armour
 - Level 1.3 Dodging
 - Level 2.0 Spellcasting
 - Level 3.2 Charms


You had 3 spell levels left.
You knew the following spells:

 Your Spells              Type           Power        Failure   Level  Hunger
a - Infusion              Chrm           #.....       12%         1    ##.....
b - Shroud of Golubria    Chrm/Tloc      #.........   28%         2    ###....


Dungeon Overview and Level Annotations

Branches:
Dungeon (2/15)

Altars:


Message History

You feel sick.
* * * LOW HITPOINT WARNING * * *
You feel sick.
Your surroundings suddenly seem different.
* * * LOW HITPOINT WARNING * * *
You feel sick.
* * * LOW HITPOINT WARNING * * *
You feel sick.
Drink which item? (? for menu, Esc to quit)
Okay, then.
Put on which piece of jewellery? (? for menu, Esc to quit)
You feel your power drawn to a protective spirit.
g - an amulet of guardian spirit (around neck) Put on which piece of jewellery? (? for menu, Esc to quit)
You don't have any such object.
Put on which piece of jewellery? (? for menu, Esc to quit)
You remove your amulet of guardian spirit.
i - an amulet of resist mutation (around neck)
There is a lethal amount of poison in your body!
You die...

#.# #..........# #.#
#..........# #.#
#..........# #.#
#.######'######### #.#
#........#.......#
#.############.......#
#............'.......#
##############.......#
##### #.@.....# #....
#.......##########.
#..................
#.####.#.######.#.#
#.# #.#.# #.#..
##.####.#.##########
#.......#...........
####################


There were no monsters in sight!

Vanquished Creatures
  An adder (D:2)
  An ooze (D:1)
  A giant gecko (D:2)
  4 bats
  2 giant cockroaches (D:1)
  3 goblins
  A hobgoblin (D:1)
  4 jackals (D:2)
  2 ball pythons (D:1)
  4 kobolds
  3 rats (D:1)
26 creatures vanquished.

Notes
Turn   | Place    | Note
--------------------------------------------------------------
     0 | D:1      | Econoterrorist the Merfolk Skald began the quest for the Orb.
     0 | D:1      | Reached XP level 1. HP: 16/16 MP: 3/3
   511 | D:1      | Reached skill level 4 in Polearms
   511 | D:1      | Reached XP level 2. HP: 11/22 MP: 5/5
   844 | D:1      | Learned a level 2 spell: Shroud of Golubria
  1530 | D:2      | Reached XP level 3. HP: 9/27 MP: 6/6
  1532 | D:2      | Reached skill level 5 in Polearms
  1931 | D:2      | HP: 1/27 [poisoned by an adder]
  1935 | D:2      | Succumbed to an adder's poison

Vault maps used:
D:1:      noname_arrival_rooms_in_the_neighbourhood
D:2:      lemuel_zombie_altar_kikubaaqudgha

Action                   || total
-------------------------++-------
Melee: Spear             ||   111
 Cast: Shroud of Golubri ||     1
  Use: Potion            ||     2
       Scroll            ||     1
 Stab: Sleeping          ||     1
  Eat: Chunk             ||     3
